 Dungeon Crawl Stone Soup version 0.18-a0-1685-g4482fe3 (webtiles) character file.

1191 Incredible the Cleaver (level 8, 0/62 HPs)
             Began as a Demonspawn Wanderer on Apr 4, 2016.
             Was a Believer of Okawaru.
             Slain by a river rat (4 damage)
             ... summoned by Eustachio
             ... on level 6 of the Dungeon.
             The game lasted 00:14:57 (5722 turns).

Incredible the Cleaver (Demonspawn Wanderer)        Turns: 5722, Time: 00:14:58

Health: 0/62       AC: 13    Str: 14      XL:     8   Next: 20%
Magic:  8/8        EV:  6    Int: 14      God:    Okawaru [**....]
Gold:   232        SH:  0    Dex: 12 (13) Spells: 0 memorised, 7 levels left

rFire  + . .     SeeInvis .     m - +1 hand axe
rCold  . . .     Gourm    .     w - +0 chain mail
rNeg   . . .     Faith    .     (no shield)
rPois  .         Spirit   .     j - +1 helmet
rElec  .         Dismiss  .     (no cloak)
rCorr  .         Reflect  .     (no gloves)
SustAt .         Harm     .     (no boots)
MR     .....                    (no amulet)
Stlth  ..........               (no ring)
                                x - ring of protection from fire

@: very slightly contaminated, not resistant to hostile enchantments, extremely
unstealthy
A: hooves 1, yellow scales 2, powered by death 1
a: Heroism, Renounce Religion


You were on level 6 of the Dungeon.
You worshipped Okawaru.
Okawaru was pleased with you.
You were hungry.

You visited 1 branch of the dungeon, and saw 6 of its levels.

You collected 232 gold pieces.

Inventory:

Hand Weapons
 d - a +0 dagger
 g - a +0 dagger
 m - a +1 hand axe (weapon)
Missiles
 o - 71 stones (quivered)
Armour
 b - a +0 ring mail
 j - a +1 helmet (worn)
 w - a +0 chain mail (worn)
Magical Staves
 n - an uncursed staff of earth
Jewellery
 x - a ring of protection from fire (left hand)
Wands
 h - a wand of slowing (23/48)
Scrolls
 e - 6 scrolls of immolation
 p - a scroll of magic mapping
 q - a scroll of teleportation
 s - 2 scrolls of remove curse
 t - a scroll of amnesia
 A - a scroll of enchant armour
Potions
 u - a potion of flight
Books
 i - a book of the Tempests

   Spells                             Type                      Level
   a - Static Discharge               Conjuration/Air              3
   b - Lightning Bolt                 Conjuration/Air              5
   c - Fireball                       Conjuration/Fire             5
   d - Tornado                        Air                          9
   e - Shatter                        Earth                        9
Miscellaneous
 a - a lamp of fire (inert)
Comestibles
 f - a bread ration
 r - a meat ration


   Skills:
 - Level 5.2 Fighting
 + Level 8.0 Axes
   Level 1.0(5.0) Maces & Flails
 - Level 1.0 Armour
 - Level 1.0 Stealth
   Level 2.0 Hexes
   Level 1.0 Fire Magic
 - Level 1.0 Evocations


You had 7 spell levels left.
You didn't know any spells.

Dungeon Overview and Level Annotations

Branches:
Dungeon (6/15)
 Temple: D:4-7

Altars:
Gozag
Makhleb
Nemelex Xobeh
Okawaru
Ru
Zin

Annotations:
D:6 Eustachio


Innate Abilities, Weirdness & Mutations

You have large cloven feet.
You are mostly covered in yellow scales (AC +3).
You regenerate a little health from kills.


Message History

The shadow imp is heavily wounded.
The shadow imp barely misses you.
Read which item? (? for menu, Esc to quit)
Blink to where?
Press: ? - help, Dir - move target cursor You are very lightly contaminated with residual magic.
As you read the scroll of blinking, it crumbles to dust.
You hit the river rat but do no damage. Your kick misses the river rat.
You closely miss the river rat. Your kick misses the river rat.
The river rat barely misses you.
You hit the river rat but do no damage.
The river rat bites you but does no damage.
You barely miss the river rat.
You kick the river rat, but do no damage.
The river rat bites you but does no damage.
You hit the river rat.
You kick the river rat, but do no damage.
The river rat is moderately wounded.
The river rat bites you.
You die...

#...#.##.................
......#............†...........
......##......@§a....##........
......##..#.##r########........
......# #.#.##r)5.)............
......# #...##.########........
......# #...##.# #........
......###...##.########.#######
...............r@....rr........
####<.#.#...##.########.#######
................... ....
####..#...#.##.##.. ......
#..#....>....# .# ##.#####
.....###+###..# # #.# ###..##
#..# #.# #... ... .# #.#.


You could see a river rat, a quokka and a rat.

Vanquished Creatures
  Grinder (D:5)
  Edmund (D:5)
  An ice beast (D:6)
  A phantom (D:5)
  2 scorpions (D:4)
  A howler monkey (D:6)
  3 hounds
  An orc priest (D:6)
  A gnoll shaman (D:5)
  2 iguanas
  3 worker ants
  Robin (D:4)
  5 gnolls (D:5)
  6 adders
  A shadow imp (D:6)
  An ooze (D:1)
  4 adder skeletons (D:4)
  4 dart slugs
  2 worms
  3 giant geckos
  4 orcs
  5 giant cockroaches
  10 goblins
  9 hobgoblins
  2 jackals (D:1)
  4 quokkas
  A ball python (D:4)
  7 bats
  5 giant newts
  6 kobolds
  3 quokka skeletons
  5 rats
105 creatures vanquished.

Vanquished Creatures (collateral kills)
  A big kobold (D:4)
  A scorpion (D:4)
  An orc wizard (D:6)
3 creatures vanquished.

Vanquished Creatures (others)
  A plant (D:4)
1 creature vanquished.

Grand Total: 109 creatures vanquished

Notes
Turn   | Place    | Note
--------------------------------------------------------------
     0 | D:1      | Incredible the Demonspawn Wanderer began the quest for the Orb.
     0 | D:1      | Incredible set off with: a lamp of fire, a +0 ring mail, a potion of curing, a +0 dagger, a bread ration
     0 | D:1      | Reached XP level 1. HP: 18/18 MP: 1/1
   207 | D:1      | Gained mutation: You regenerate a little health from kills. [demonic ancestry]
   207 | D:1      | Reached XP level 2. HP: 11/24 MP: 2/2
  1173 | D:1      | Gained mutation: You have large cloven feet. [demonic ancestry]
  1173 | D:1      | Reached XP level 3. HP: 9/30 MP: 3/3
  1822 | D:2      | Reached XP level 4. HP: 29/38 MP: 4/4
  2496 | D:4      | Reached skill level 5 in Fighting
  2496 | D:4      | Reached skill level 1 in Axes
  2599 | D:5      | Entered Level 5 of the Dungeon
  2632 | D:5      | Noticed a phantom
  2691 | D:4      | Found a sacrificial altar of Ru.
  3264 | D:3      | Found a sparkling altar of Nemelex Xobeh.
  3265 | D:3      | Found an iron altar of Okawaru.
  3270 | D:3      | Became a worshipper of Warmaster Okawaru
  3328 | D:3      | Reached XP level 5. HP: 43/44 MP: 5/5
  3388 | D:3      | Reached skill level 2 in Axes
  3905 | D:4      | Reached skill level 3 in Axes
  3926 | D:4      | Reached * piety under Okawaru
  3926 | D:4      | Gained mutation: You are partially covered in yellow scales (AC +2). [demonic ancestry]
  3926 | D:4      | Reached XP level 6. HP: 44/51 MP: 6/6
  4128 | D:4      | Reached skill level 4 in Axes
  4155 | D:4      | Noticed Robin
  4186 | D:4      | Killed Robin
  4324 | D:4      | Found an opulent altar of Gozag.
  4352 | D:4      | Found a sparkling altar of Nemelex Xobeh.
  4380 | D:4      | Reached skill level 5 in Axes
  4714 | D:4      | Reached XP level 7. HP: 41/56 MP: 7/7
  4762 | D:5      | Noticed Grinder
  4793 | D:5      | Paralysed by Grinder for 6 turns
  4805 | D:5      | Killed Grinder
  4805 | D:5      | Reached ** piety under Okawaru
  4805 | D:5      | Reached skill level 6 in Axes
  5170 | D:5      | Noticed Edmund
  5220 | D:5      | Killed Edmund
  5220 | D:5      | Reached skill level 7 in Axes
  5247 | D:5      | Found an iron altar of Okawaru.
  5300 | D:5      | Found a burning altar of Makhleb.
  5303 | D:5      | Noticed a green death
  5305 | D:5      | Found a glowing silver altar of Zin.
  5305 | D:5      | Noticed an angel
  5570 | D:6      | Noticed Eustachio
  5593 | D:6      | Gained mutation: You are mostly covered in yellow scales (AC +3). [demonic ancestry]
  5593 | D:6      | Reached XP level 8. HP: 46/62 MP: 8/8
  5688 | D:6      | Reached skill level 8 in Axes
  5705 | D:6      | HP: 1/62 [shadow imp/nerve-wracking pain[Eustachio] (10)]
  5722 | D:6      | Slain by a river rat

Vault maps used:
D:1:      dpeg_arrival_castle, minmay_door_square, minivault_11
D:2:      first_bread
D:3:      gammafunk_temple_overflow_statue
D:4:      grunt_gozag_statues, lemuel_doored_altar, serial_forest,
          infiniplex_forest_lined_2, infiniplex_forest_end_3,
          infiniplex_forest_clump_double, infiniplex_forest_lined_corner,
          infiniplex_forest_pool, infiniplex_forest_end_2,
          infiniplex_forest_pool, nemelex_xobeh_ov_fountains_minmay, uniq_robin
D:5:      grunt_temple_overflow_order_and_chaos_2, basic_altar, uniq_grinder,
          uniq_edmund
D:6:      lemuel_coloured_pillars_altar, minmay_temple_entry_glassed_door,
          minivault_26, uniq_menkaure, uniq_eustachio

Skill      XL: |  1  2  3  4  5  6  7  8 |
---------------+-------------------------+-----
Fighting       | 4 5 |  5.2
Axes           | 1 3 5 7 8 |  8.0
Maces & Flails | |  1.0
Armour         | |  1.0
Stealth        | |  1.0
Hexes          | |  2.0
Fire Magic     | |  1.0
Evocations     | |  1.0

Action                   |  1- 3 |  4- 6 |  7- 9 || total
-------------------------+-------+-------+-------++-------
Melee: Dagger            |   133 |       |       ||   133
       Hand axe          |    75 |   366 |   245 ||   686
Throw: Stone             |       |     7 |       ||     7
Invok: Heroism           |       |       |     1 ||     1
Evoke: Lamp of fire      |     1 |     1 |     1 ||     3
       Wand              |       |     1 |     3 ||     4
  Use: Potion            |     3 |     3 |     9 ||    15
       Scroll            |       |     8 |     6 ||    14
 Stab: Sleeping          |       |     1 |       ||     1
  Eat: Chunk             |     3 |     5 |     4 ||    12
       Bread ration      |       |     1 |       ||     1
